 Dungeon Crawl Stone Soup version 0.22-a0-456-g11ed031 (webtiles) character file.

90 DrEnzyme the Skirmisher (level 4, 0/34 HPs)
             Began as an Octopode Wanderer on June 6, 2018.
             Succumbed to an adder's poison
             ... on level 2 of the Dungeon.
             The game lasted 00:08:10 (2263 turns).

DrEnzyme the Skirmisher (Octopode Wanderer)         Turns: 2263, Time: 00:08:11

Health: 0/34       AC:  1    Str: 11    XL:     4   Next: 56%
Magic:  5/5        EV: 12    Int: 14    God:
Gold:   42         SH:  0    Dex: 12    Spells: 5/5 levels left

rFire    . . .     SeeInvis .     - Unarmed
rCold    . . .     Gourm    .   (no shield)
rNeg     . . .     Faith    .   (helmet restricted)
rPois    .         Spirit   .   (no amulet)
rElec    .         Reflect  .   (no ring)
rCorr    .         Harm     .   (no ring)
MR       .....                  (no ring)
Stlth    +++.......             (no ring)
HPRegen  0.11/turn              (no ring)
MPRegen  0.09/turn              (no ring)
                                (no ring)
                                (no ring)

@: lethally poisoned (0 -> -6), berserk cooldown, slowed, very slow
A: almost no armour, stealthy swim, amphibious, 8 rings, constrict 8, camouflage
1, gelatinous body 1
a: no special abilities


You were on level 2 of the Dungeon.
You were not hungry.

You visited 1 branch of the dungeon, and saw 3 of its levels.

You collected 42 gold pieces.

Inventory:

Hand Weapons
 d - a +1 club
Missiles
 b - 108 stones (quivered)
Scrolls
 c - 2 scrolls of teleportation
 e - a scroll of remove curse
 g - 2 scrolls of identify
Potions
 a - 2 potions of berserk rage
Comestibles
 f - 4 rations


   Skills:
 * Level 4.6 Fighting
 - Level 1.0 Throwing
 + Level 3.5 Stealth
 * Level 2.7 Unarmed Combat
 - Level 1.0 Spellcasting
   Level 2.0 Earth Magic


You had 5 spell levels left.
You didn't know any spells.
Your spell library contained the following spells:

 Spells                   Type           Power        Failure   Level  Hunger
 Stone Arrow              Conj/Erth      #.....       45%         3    ####...
 Sandblast                Erth           #.....       12%         1    ##.....


Dungeon Overview and Level Annotations

Branches:
Dungeon (3/15)

Altars:
Okawaru

Annotations:
D:3 heh's ghost, amateur OpTm


Innate Abilities, Weirdness & Mutations

You cannot wear most types of armour.
You are very stealthy in the water. (Stealth+)
You are amphibious.
You can wear up to eight rings at the same time.
You can use your tentacles to constrict eight enemies at once.
Your skin changes colour to match your surroundings (Stealth+).
Your rubbery body absorbs attacks. (AC +1, EV +1)


Message History

* * * LOW HITPOINT WARNING * * *
You feel sick.
As you read the scroll labeled MOVYEL JISKEON, it crumbles to dust.
It is a scroll of amnesia.
Your memory of Sandblast unravels.
* * * LOW HITPOINT WARNING * * *
You feel sick.
You eat one of the 5 rations.
That ration really hit the spot!
* * * LOW HITPOINT WARNING * * *
You feel sick.
A red film seems to cover your vision as you go berserk!
You feel yourself moving faster!
You feel mighty!
You feel a strong urge to attack something.
* * * LOW HITPOINT WARNING * * *
You feel sick.
You feel your anger nearly subside.
You are no longer berserk.
You are exhausted.
You feel yourself slow down.
You die...

##..>...#####.#.#.### #.# ##
....###### #.....# ##.#######
##.......# ##...## #.......#
##.......### #...#######..####.#
#..........# #........##..####.##
#..........###...####.##....##.##
#.....................##.......##
.<........................#÷)....
##..............@.....###..÷..#.#
###.......###...####.# ##.#..#.#
#.......# #........# #....#.#
##.###### #...###### #.#.##.#
#####.# #...# #.#.##.# ......#
#...# #......# #######
#######.#### ##...###
#....>.....# #......
######.###.#.##.#### #...###


There were no monsters in sight!

Vanquished Creatures
  4 adders (D:2)
  2 dart slugs (D:1)
  A leopard gecko (D:1)
  2 ball pythons
  9 goblins
  8 hobgoblins
  9 bats
  A frilled lizard (D:1)
  5 kobolds
  6 rats
47 creatures vanquished.

Notes
Turn   | Place    | Note
-------+----------+-------------------------------------------
     0 | D:1      | DrEnzyme the Octopode Wanderer began the quest for the Orb.
     0 | D:1      | DrEnzyme set off with: 2 potions of berserk rage, a scroll of teleportation, a +0 club, a ration
     0 | D:1      | Reached XP level 1. HP: 17/17 MP: 2/2
   146 | D:1      | Learned a level 1 spell: Sandblast
   221 | D:1      | Reached XP level 2. HP: 11/22 MP: 3/3
  1045 | D:1      | Reached XP level 3. HP: 23/27 MP: 4/4
  1672 | D:2      | Reached XP level 4. HP: 34/34 MP: 5/5
  2219 | D:3      | Found an iron altar of Okawaru.
  2226 | D:3      | Noticed heh's ghost (amateur OpTm)
  2258 | D:2      | HP: 1/34 [poisoned by an adder]
  2263 | D:2      | Succumbed to an adder's poison

Vault maps used:
D:1:      dpeg_arrival_pond
D:3:      okawaru_metal_pillars_1_2

Skill      XL: |  1  2  3 |
---------------+----------+-----
Stealth        | 2 3 |  3.5
Unarmed Combat | 2 |  2.7
Fighting       | |  4.6
Throwing       | |  1.0
Spellcasting   | |  1.0
Earth Magic    | |  2.0

Action                   |  1- 3 |  4- 6 || total
-------------------------+-------+-------++-------
Melee: Club              |     7 |       ||     7
       Constrict         |    28 |    10 ||    38
       Unarmed           |    66 |    31 ||    97
       Tentacles         |    17 |     6 ||    23
Throw: Stone             |    10 |       ||    10
 Cast: Sandblast         |     1 |       ||     1
  Use: Potion            |     1 |     1 ||     2
       Scroll            |       |     6 ||     6
 Stab: Sleeping          |     5 |     2 ||     7
  Eat: Chunk             |     2 |     2 ||     4
       Ration            |       |     1 ||     1
Armor: Skin              |     7 |     4 ||    11
Dodge: Dodged            |    40 |    27 ||    67

Table legend:
 A = Spawn XP
 B = Non-spawn XP
 C = Spawn XP percentage of total XP
 D = Spawn monster count
 E = Non-spawn monster count
 F = Spawn count percentage of total count
 G = Total turns spent on level
                    A         B        C        D         E        F      G
               +---------+---------+-------+---------+---------+-------+---------
         Total |       0 |     129 |   0.0 |       0 |      47 |   0.0 |  2263
               +---------+---------+-------+---------+---------+-------+---------
           D:1 |       0 |      46 |   0.0 |       0 |      25 |   0.0 |  1538
           D:2 |       0 |      80 |   0.0 |       0 |      20 |   0.0 |   689
           D:3 |       0 |       3 |   0.0 |       0 |       2 |   0.0 |    36
               +---------+---------+-------+---------+---------+-------+---------
